[Event "*** Titled Tuesday Blitz"]
[Site "Chess.com"]
[Date "2020.04.14"]
[Round "6"]
[White "codapbg94"]
[Black "plumalka"]
[Result "1/2-1/2"]
[WhiteElo "2052"]
[BlackElo "2368"]
[TimeControl "180+1"]
[EndTime "11:04:55 PDT"]
[Termination "Game drawn by repetition"]

1. e4 c5 2. Nf3 d6 3. c3 Nf6 4. h3 e5 5. Bd3 Be7 6. Bc2 O-O 7. O-O Nc6 8. Re1 Re8 9. d4 exd4 10. cxd4 Bf8 11.
Nc3 h6 12. Be3 b6 13. Rc1 Bb7 14. Bb1 a6 15. b3 Qc7 16. Qd3 Nb4 17. Qd2 Rad8 18.
d5 a5 19. Bf4 Na6 20. Nb5 Qd7 21. Bd3 Nc7 22. Nxc7 Qxc7 23. Qc2 Nd7 24. Nd2 g6 25. a4 Bc8 26. Bb5 Re7 27. Nc4 Nb8 28. Qc3 Bg7 29. Qg3 Re5 30. Bxe5 dxe5 31. Rcd1 Rd6 32. Nxd6 Qxd6 33. Qd3 Nd7 34. Bxd7 Bxd7 35. f3 h5 36. Qa6 Kh7 37. Qa7 Bh6 38. Kf2 h4 39. Kg1 Bf4 40. Qa6 Bg3 41. Qe2 Bf4 42. Qf2 Bg3 43. Qd2 Kg7 44. Qe2 f5 45. exf5 gxf5 46. Qd3 Kf6 47. Re2 Bf4 48. Rde1 Bc8 49. Qc4 Bb7 50.
Rd1 Kg5 51. Qd3 Bg3 52. Qc3 Kf6 53. Qd2 Kg6 54. Qd3 Bc8 55. Qd2 Bd7 56. Qd3 Be8 57. Qd2 Bf7 58. Qd3 Bf4 59. Qc3 Kg5 60. Qd3 Kg6 61. Qc4 Be8 62. Qd3 Bd7 63. Qc4 Kf6 64. Qd3 Bg3 65. Qc4 Bf4 66. Qd3 Kg5 67. Qc4 Kf6 1/2-1/2

[Event "*** Titled Tuesday Blitz"]
[Site "Chess.com"]
[Date "2020.04.14"]
[Round "6"]
[White "mathapples"]
[Black "KerryStead"]
[Result "1-0"]
[WhiteElo "2330"]
[BlackElo "2159"]
[TimeControl "180+1"]
[EndTime "11:04:55 PDT"]
[Termination "mathapples won on time"]

1. d4 c5 2. d5 e5 3. c4 d6 4. Nc3 f5 5. e4 Nf6 6. Bd3 f4 7. g3 fxg3 8. hxg3 Be7 9. Bg5 Nbd7 10. Nf3 Nf8 11. Qe2 Ng6 12. O-O-O a6 13. Nh4 Nxh4 14.
Rxh4 h6 15. Bxf6 Bxf6 16. Qh5+ Ke7 17. Rhh1 Qe8 18. Qe2 Rb8 19. f4 Qg6 20. f5 Qe8 21.
g4 Bd7 22. Rdg1 Bg5+ 23. Kb1 b5 24. Rh5 b4 25. Nd1 Qd8 26. Nf2 Be8 27. Rhh1 a5 28. Nh3 Kd7 29. Nxg5 Qxg5 30. Qh2 Kc7 31. Rd1 Bd7 32. Qd2 a4 33. Rh5 Qxg4 34. Be2 Qf4 35. Qxf4 exf4 36. Rf1 Rbe8 37. Rxf4 Rhf8 38. Rg4 Re7 39.
Rh1 Rf6 40. Rhg1 g5 41. fxg6 Bxg4 42. Rxg4 Rg7 43. e5 dxe5 44. Bd3 Kd6 45. Rh4 Rfxg6 46. Bxg6 Rxg6 47. Kc2 Ke7 48. Kd3 Kf6 49. Ke4 Kg7 50.
Kxe5 Rg2 51. Kd6 Rxb2 52. Kc7 Rxa2 53. d6 Rd2 54. Rh5 b3 55. Rd5 Rxd5 56. cxd5 b2 57. d7 b1=Q 58. d8=Q a3 59. Qe7+ Kg6 60. Qe8+ Kg5 61.
Qe5+ Qf5 62. Qg7+ Kf4 63. Qxh6+ Ke4 64. Qe6+ 1-0

[Event "*** Titled Tuesday Blitz"]
[Site "Chess.com"]
[Date "2020.04.14"]
[Round "6"]
[White "enriquetejedor"]
[Black "CookiesAndIceCream"]
[Result "0-1"]
[WhiteElo "2565"]
[BlackElo "2371"]
[TimeControl "180+1"]
[EndTime "11:04:56 PDT"]
[Termination "CookiesAndIceCream won by checkmate"]

1. e4 e6 2. Nc3 d5 3. Nf3 Nf6 4. exd5 exd5 5. d4 Bb4 6. Bd3 O-O 7.
O-O Bg4 8. Bg5 c6 9. h3 Bh5 10. g4 Bg6 11. Bxg6 fxg6 12. Re1 Bxc3 13. bxc3 Qd6 14. Bxf6 Rxf6 15. Re8+ Rf8 16. Qe2 Nd7 17. Rxa8 Rxa8 18. Re1 Rf8 19. Ng5 h6 20. Qe6+ Qxe6 21.
Nxe6 Re8 22. Re3 g5 23. Kf1 Kf7 24. Nc7 Rxe3 25. fxe3 Ke7 26. Ke2 Nf6 27. Kd3 Kd7 28. Na8 Kc8 29. c4 Kb8 30. cxd5 cxd5 31. c4 Kxa8 32.
cxd5 Nxd5 33. Ke4 Ne7 34. Ke5 Kb8 35. Ke6 Nc6 36. Kf7 b5 37. Kxg7 b4 38. Kxh6 a5 39. d5 Nd8 40. Kxg5 a4 41. h4 b3 42. axb3 a3 43. h5 a2 44. h6 a1=Q 45. Kg6 Qh8 46. g5 Kc7 47. h7 Qf8 48. e4 Kd6 49. b4 Nf7 50. b5 Nh8+ 51. Kh5 Qg7 52. b6 Ke5 53.
Kg4 Nf7 54. b7 Qxg5+ 55. Kf3 Qd8 56. Kg4 Qb8 57. Kh5 Qxb7 58. d6 Qd7 59. Kg6 Qe6+ 60.
Kg7 Qf6+ 61. Kf8 Ke6 62. e5 Qh8# 0-1

[Event "*** Titled Tuesday Blitz"]
[Site "Chess.com"]
[Date "2020.04.14"]
[Round "6"]
[White "Nikolaj_6"]
[Black "freshfoodcompany"]
[Result "0-1"]
[WhiteElo "2569"]
[BlackElo "2235"]
[TimeControl "180+1"]
[EndTime "11:04:57 PDT"]
[Termination "freshfoodcompany won by resignation"]

1. e4 c5 2. Nf3 Nc6 3. d4 cxd4 4. Nxd4 Nf6 5. Nc3 e5 6. Ndb5 d6 7. Nd5 Nxd5 8. exd5 Nb8 9. a4 Be7 10. Be2 O-O 11.
O-O a6 12. Na3 Nd7 13. Kh1 f5 14. f4 Bf6 15. Nc4 Qc7 16. a5 exf4 17. Bxf4 Ne5 18.
Bxe5 Bxe5 19. c3 Qe7 20. Qd3 Qh4 21. g3 Qh3 22. Nxe5 dxe5 23. d6 Be6 24. Rad1 Rad8 25. Qe3 Rfe8 26. Qc5 Bf7 27. Bc4 Qh5 28. d7 Rf8 29.
Bxf7+ Qxf7 30. Qd6 e4 31. Rd5 Qg6 32. Qf4 Qe6 33.
Rd6 Qe7 34. Rfd1 e3 35. R6d3 e2 36. Re1 Rxd7 37. Qc4+ Kh8 38. Rxd7 Qxd7 39. Rxe2 Qd1+ 40. Kg2 Qd7 41. b4 h6 42. Qd4 Qxd4 43. cxd4 Rd8 44. Rd2 Kh7 45. Kf3 Kg6 46. g4 fxg4+ 47. Kxg4 Kf6 48.
Kf4 g5+ 49. Ke4 Ke6 50. d5+ Kf6 51. Rf2+ Ke7 52. Ke5 Rd6 53. Rc2 Rd7 54. Rc8 h5 55. Rh8 h4 56. Rh7+ Kd8 57. Rh8+ Kc7 58. Rh5 Rg7 59. Kf5 Rd7 60. Ke6 Rd6+ 61. Ke5 Rg6 62. h3 Rg7 63. Rh6 g4 64. hxg4 Rxg4 65. Rh7+ Kc8 66.
Kd6 Rg6+ 67. Kc5 Rg4 68. d6 Rg5+ 69. Kc4 Rg4+ 70. Kb3 Rg3+ 71. Kc4 Rg4+ 72. Kc5 Rg5+ 73. Kb6 Rb5+ 74. Ka7 Rxb4 75. Rxh4 Rxh4 76. Kb6 Rb4+ 77. Kc5 Rb5+ 78. Kc4 Rxa5 0-1

[Event "*** Titled Tuesday Blitz"]
[Site "Chess.com"]
[Date "2020.04.14"]
[Round "6"]
[White "gena217"]
[Black "kaumandur01"]
[Result "1/2-1/2"]
[WhiteElo "2915"]
[BlackElo "2808"]
[TimeControl "180+1"]
[EndTime "11:04:58 PDT"]
[Termination "Game drawn by repetition"]

1. e4 c5 2. Nf3 d6 3. Bb5+ Nd7 4. d4 cxd4 5. Qxd4 a6 6. Be2 Ngf6 7. O-O g6 8. c4 Bg7 9. h3 O-O 10. Qe3 b6 11.
Nc3 Bb7 12. Rd1 Qc7 13. Rb1 Rfc8 14. a4 Qc5 15. Qd3 Qb4 16. Qc2 Nc5 17. Nd2 b5 18.
axb5 axb5 19. b3 bxc4 20. bxc4 Qa5 21. Bb2 Rab8 22. Ra1 Qc7 23. Rdb1 Nfxe4 24. Ncxe4 Nxe4 25. Bxg7 Nxd2 26. Qxd2 Kxg7 27. Ra7 Bc6 28. Qd4+ e5 29. Rxb8 exd4 30. Rxc7 Rxc7 31. Rd8 Re7 32. Rxd6 Rxe2 33. Rxc6 d3 34. Rd6 d2 35. Kh2 Rxf2 36. c5 Rf5 37. Rxd2 Rxc5 38. h4 h5 39. g3 Kf6 40. Kg2 Rf5 41.
Rd6+ Kg7 42. Rd2 Rf6 43. Re2 Re6 44. Rc2 Rd6 45. Rb2 Kf6 46. Rf2+ Ke6 47. Ra2 Kf6 48. Rf2+ Ke6 49. Ra2 Rd5 50. Re2+ Kf5 51. Rf2+ Ke6 52. Re2+ Re5 53. Ra2 f6 54. Ra6+ Kf5 55. Ra2 Rc5 56.
Rf2+ Ke5 57. Re2+ Kd6 58. Rd2+ Rd5 59. Re2 Re5 60. Rd2+ Ke6 61. Ra2 Re4 62. Ra5 Re5 63. Ra2 Rd5 64. Re2+ Kf5 65. Rf2+ Ke5 66. Re2+ Kd4 67.
Re6 Rf5 68. Re8 Kd5 69. Re2 Kd4 70. Re8 Kd5 71. Re2 Re5 72. Rd2+ Ke6 73. Ra2 1/2-1/2

[Event "*** Titled Tuesday Blitz"]
[Site "Chess.com"]
[Date "2020.04.14"]
[Round "6"]
[White "YQPerez"]
[Black "LionTheLeon_06"]
[Result "1-0"]
[WhiteElo "2968"]
[BlackElo "2667"]
[TimeControl "180+1"]
[EndTime "11:05:01 PDT"]
[Termination "YQPerez won by checkmate"]

1. e4 c5 2. c3 Nf6 3. e5 Nd5 4. Nf3 d6 5. Bc4 Nb6 6. Bb3 c4 7. Bc2 Nc6 8. exd6 Qxd6 9. O-O Bg4 10. h3 Bh5 11. Re1 e6 12. b3 Be7 13. Na3 cxb3 14. axb3 O-O 15. d4 Rfd8 16. Nc4 Nxc4 17. bxc4 Bf6 18.
Be3 b6 19. Be4 Bg6 20. Nd2 Rac8 21. Bxg6 hxg6 22. Ne4 Qe7 23. Qf3 Na5 24. c5 Nc4 25. Bf4 bxc5 26. Nxc5 Nb6 27. Ra6 Nd5 28. Bd2 Rd6 29.
Ra2 Rdc6 30. Rea1 R6c7 31. Ra6 Nb6 32. Bf4 Rxc5 33. dxc5 Qxc5 34. Rxa7 Nd5 35. Bd2 Nxc3 36. Bxc3 Qxc3 37. Qxc3 Rxc3 38. Rd7 Be5 39. Ra8+ Kh7 40. g3 f5 41. Ra6 g5 42. Rxe6 Rc1+ 43. Kg2 Ba1 44.
Rd5 f4 45. Rxg5 fxg3 46. fxg3 Rc2+ 47. Kf3 Rc3+ 48. Re3 Rc1 49. Rh5+ Kg6 50. g4 Bf6 51. Rb5 Rf1+ 52. Kg2 Rc1 53. Re2 Kh7 54. h4 Bd4 55. g5 Kg6 56. Re4 Ba1 57. Kh3 Kh5 58. Rb8 Rc3+ 59. Kg2 Rc2+ 60. Kf3 Rc3+ 61. Kf4 Kg6 62. Rh8 Rc6 63. Kg4 Kf7 64. h5 Re6 65. Rxe6 Kxe6 66. Ra8 Kf7 67. Rxa1 Kg8 68. Ra7 Kh8 69. Kf5 Kh7 70. g6+ Kh6 71. Ra8 Kxh5 72. Rh8# 1-0

[Event "*** Titled Tuesday Blitz"]
[Site "Chess.com"]
[Date "2020.04.14"]
[Round "6"]
[White "tamarozi99"]
[Black "monikarozman"]
[Result "1/2-1/2"]
[WhiteElo "1956"]
[BlackElo "2131"]
[TimeControl "180+1"]
[EndTime "11:05:01 PDT"]
[Termination "Game drawn - insufficient material"]

1. e4 e5 2. Nf3 Nc6 3. Bb5 a6 4. Ba4 Nf6 5. d3 Be7 6. O-O b5 7. Bb3 O-O 8. a4 Rb8 9. Nbd2 d6 10. c3 Na5 11. Bc2 c5 12. Re1 Nc6 13. axb5 axb5 14.
b3 Qc7 15. Nf1 Be6 16. Ng3 Ra8 17. Rxa8 Rxa8 18. Nh4 Bf8 19. Ngf5 Ra1 20. Qf3 g6 21. Nxd6 Qxd6 22. Qxf6 Be7 23. Nf5 gxf5 24. Qh6 Bd7 25. Qxd6 Bxd6 26. Bd2 Rxe1+ 27. Bxe1 fxe4 28. dxe4 Be6 29.
f3 Na5 30. b4 cxb4 31. cxb4 Nc6 32. Bd3 Bc4 33. Bxc4 bxc4 34. b5 Na7 35. b6 Bc5+ 36.
Bf2 Bxf2+ 37. Kxf2 Nc6 38. Ke2 Kf8 39. Kd2 Ke7 40.
Kc3 Kd7 41. Kxc4 Nd4 42. Kd5 f6 43. b7 Kc7 44. b8=Q+ Kxb8 45. Kd6 Nc2 46. Ke7 Ne1 47.
Kxf6 Nxg2 48. Kxe5 Ne1 49. f4 Nf3+ 50. Kf6 h5 51. h3 Kc7 52. e5 Kd7 53. e6+ Ke8 54. f5 h4 55. Kg6 Ke7 56. f6+ Kxe6 57. f7 Ne5+ 58. Kh5 Kxf7 59. Kxh4 Kg7 60. Kg3 Kh6 61. Kf4 Ng6+ 62. Kg3 Kh5 63. Kf2 Kh4 64. Ke3 Kxh3 1/2-1/2

[Event "*** Titled Tuesday Blitz"]
[Site "Chess.com"]
[Date "2020.04.14"]
[Round "6"]
[White "MacDaddyMac"]
[Black "Muguet7"]
[Result "0-1"]
[WhiteElo "2292"]
[BlackElo "2465"]
[TimeControl "180+1"]
[EndTime "11:05:02 PDT"]
[Termination "Muguet7 won by resignation"]

1. e4 c5 2. Nc3 d6 3. f4 g6 4. Nf3 Bg7 5. Bb5+ Bd7 6. O-O Nf6 7. d3 O-O 8. Qe1 Nc6 9. Qh4 a6 10. Bxc6 Bxc6 11. f5 b5 12. Bh6 b4 13. Ne2 Qd7 14. Ng5 Nh5 15. Bxg7 Kxg7 16. g4 Nf6 17. fxg6 Qxg4+ 18. Qxg4 Nxg4 19. gxf7 Bd7 20. Nf4 h6 21. Nge6+ Kxf7 22. Ng6+ Kxg6 23. Nxf8+ Rxf8 24. Rxf8 Ne5 25. Raf1 Kg7 26.
R8f4 Be6 27. c4 Nxd3 28. R4f3 Ne5 29. Rg3+ Kh7 30. b3 Ng6 31. Kg2 h5 32. Rgf3 Kh6 33.
Kg3 h4+ 34. Kg2 Ne5 35. Rf8 h3+ 36. Kg3 Ng6 37. Re8 Bd7 38. Ra8 Bc6 39. Rxa6 Bxe4 40. a3 bxa3 41. Rxa3 Kg5 42. Ra7 Bf5 43. Rb7 e6 44.
Rg7 Kf6 45. Rxg6+ Kxg6 46. Rxf5 Kxf5 47. Kxh3 Kf4 48. Kg2 Kg4 49. h3+ Kh4 50. Kh2 e5 51.
Kg2 Kg5 52. Kf3 Kf5 53. h4 Kf6 54. Ke4 Kg6 55. Kd5 Kh5 56. Kxd6 e4 57. Kxc5 e3 58. b4 e2 59. b5 e1=Q 60. b6 Qe5+ 61. Kb4 Qb8 62.
c5 Kxh4 63. Kb5 Kg5 64. c6 Kf6 65. b7 Qc7 66. Ka6 Qxc6+ 67. Ka7 Qc5+ 68. Ka8 Qa5+ 69.
Kb8 Ke6 70. Kc8 Qc5+ 71. Kb8 Kd6 72. Ka8 Qa5+ 73. Kb8 Kc6 0-1

[Event "*** Titled Tuesday Blitz"]
[Site "Chess.com"]
[Date "2020.04.14"]
[Round "6"]
[White "Promacherr"]
[Black "Lestofante90"]
[Result "0-1"]
[WhiteElo "2606"]
[BlackElo "2781"]
[TimeControl "180+1"]
[EndTime "11:05:03 PDT"]
[Termination "Lestofante90 won by checkmate"]

1. e4 e5 2. Nf3 Nc6 3. Bb5 a6 4. Ba4 Nf6 5. O-O b5 6. Bb3 Bc5 7. c3 d6 8. d4 Bb6 9. a4 Rb8 10.
Be3 O-O 11. h3 h6 12. axb5 axb5 13. Na3 exd4 14. cxd4 Ne7 15. Nxb5 Nxe4 16. Nc3 Bf5 17.
Re1 Nf6 18. Bc4 Qd7 19. Nh4 d5 20. Bf1 c6 21. Bf4 Rbe8 22. Ra6 Nc8 23. Be5 Ne4 24. Nxe4 Bxe4 25. Re3 Rxe5 26. dxe5 Bxe3 27. fxe3 Ne7 28. Qd4 Qd8 29. Nf3 Nf5 30. Qd2 Bxf3 31. gxf3 Qg5+ 32.
Kf2 Qh4+ 33. Kg1 c5 34. f4 d4 35. Ra3 Nxe3 36. Rxe3 dxe3 37. Qxe3 Rd8 38. Be2 Rd4 39. e6 fxe6 40. Qxe6+ Kf8 41. Qc8+ Qd8 42. Qf5+ Qf6 43.
Qxc5+ Qd6 44. Qf5+ Kg8 45. Qc8+ Kf7 46. Qf5+ Ke7 47. Bg4 Rxf4 48. Qc2 Qd4+ 49. Kg2 Qe4+ 50. Qxe4+ Rxe4 51. Bd1 Rb4 52. b3 Kf6 53. Kf3 h5 54.
Ke3 Rh4 55. Kd3 Ke7 56. Kc3 Rxh3+ 57. Kc4 Kd6 58. b4 Kc7 59. Kc5 g5 60. b5 g4 61.
b6+ Kb8 62. Bc2 Rc3+ 63. Kb5 Rxc2 64. b7 Rb2+ 65. Ka6 Rxb7 66. Ka5 g3 67. Ka6 g2 68. Ka5 g1=N 69. Ka6 h4 70. Ka5 h3 71. Ka6 h2 72. Ka5 h1=Q 73. Ka6 Qg2 74. Ka5 Qa2# 0-1

[Event "*** Titled Tuesday Blitz"]
[Site "Chess.com"]
[Date "2020.04.14"]
[Round "6"]
[White "Lupul_Cenusiu"]
[Black "Arjun2002"]
[Result "1-0"]
[WhiteElo "2489"]
[BlackElo "2630"]
[TimeControl "180+1"]
[EndTime "11:05:03 PDT"]
[Termination "Lupul_Cenusiu won by resignation"]

1. d4 d5 2. c4 c6 3. Nc3 Nf6 4. cxd5 cxd5 5. Bf4 Nc6 6. e3 Bg4 7. Qb3 Na5 8. Qa4+ Bd7 9. Qc2 e6 10. Bd3 Rc8 11. Nge2 Nc6 12. a3 Nh5 13. Bg3 Nxg3 14. hxg3 g6 15. Nf4 Bg7 16. Qe2 Na5 17. Bb5 Nc4 18.
Bxd7+ Qxd7 19. Nd3 O-O 20. g4 Qc7 21. Rc1 Qa5 22. O-O b6 23. Nb4 Rc7 24. Nca2 Rfc8 25. Rc3 Qb5 26. Rfc1 a5 27. Nd3 Qd7 28. a4 Bf8 29. b3 Nd6 30. Ne5 Qd8 31. Nc6 Qe8 32. Qc2 Nc4 33. Ne5 Na3 34. Qb2 Rxc3 35. Rxc3 f6 36.
Nd3 b5 37. Nc5 b4 38. Rc1 Rc6 39.
Nd3 Qc8 40. Rxc6 Qxc6 41. g3 Qc2 42. Qxc2 Nxc2 43. Kf1 Kf7 44. Ke2 Bd6 45. Kd2 Na3 46. f4 f5 47. g5 Kg7 48. Ne1 h6 49. Nf3 hxg5 50. Nxg5 Kf6 51. Kc1 Bf8 52. Kb2 Bh6 53.
Nf3 g5 54. Ne5 gxf4 55. gxf4 Bf8 56. Nc6 Kg6 57. Nxa5 Kh5 58. Nc6 Kg4 59. Naxb4 Kf3 60. Kxa3 Kxe3 61. a5 Kxf4 62. a6 Ke3 63. a7 f4 64.
a8=Q f3 65. Qxf8 f2 66. Ne5 f1=Q 67. Qxf1 Kd2 68. Qf2+ Kd1 69. Qc2+ Ke1 70. Nbd3+ 1-0

[Event "*** Titled Tuesday Blitz"]
[Site "Chess.com"]
[Date "2020.04.14"]
[Round "6"]
[White "GMKrikor"]
[Black "Gahan-MG"]
[Result "1/2-1/2"]
[WhiteElo "2695"]
[BlackElo "2532"]
[TimeControl "180+1"]
[EndTime "11:05:04 PDT"]
[Termination "Game drawn by repetition"]

1. Nf3 Nf6 2. c4 g6 3. Nc3 d5 4. cxd5 Nxd5 5. h4 h5 6. e4 Nxc3 7. bxc3 Bg7 8. d4 c5 9. Be3 Bg4 10. Rc1 Qa5 11. Qd2 Bxf3 12. gxf3 cxd4 13. cxd4 Qxd2+ 14. Kxd2 Nc6 15. Bb5 Rd8 16. d5 O-O 17. Rxc6 bxc6 18.
Bxc6 Rb8 19. Bc5 Rb2+ 20. Ke3 Bf6 21. f4 Rc2 22. Bb4 Rb8 23. a3 a5 24. Kd3 Rxf2 25.
Bxa5 Rf3+ 26. Kc4 Rxf4 27. Bb4 Rxe4+ 28. Kd3 Rxh4 29. Re1 Rd4+ 30. Ke3 Rdxb4 31. axb4 Rxb4 32. Kf3 Rd4 33. Rb1 Kg7 34. Rb7 g5 35. Rb1 g4+ 36.
Ke3 Rc4 37. Bd7 Rc5 38. Rd1 Bg5+ 39. Ke4 Rc2 40. Rh1 Kh6 41. Be8 Rf2 42. Bd7 Rf4+ 43.
Ke5 h4 44. d6 exd6+ 45. Kxd6 f5 46. Ke5 Kg6 47. Be8+ Kg7 48. Bd7 Rf2 49. Bxf5 g3 50.
Bh3 Bf6+ 51. Ke4 Bg5 52. Rf1 Re2+ 53. Kf3 Rh2 54. Kg4 Bf6 55. Rg1 Rf2 56. Rf1 Rd2 57.
Rc1 Rd4+ 58. Kf5 Rd5+ 59. Kg4 Rg5+ 60. Kf3 Rd5 61. Kg4 Kg6 62. Bg2 Rd4+ 63. Kh3 Rf4 64. Rf1 Rxf1 65. Bxf1 Kg5 66. Kg2 Be5 67. Bb5 Bf6 68.
Bd7 Kf4 69. Bh3 Ke3 70. Bc8 Kf4 71. Bh3 Kg5 72. Bc8 Kf4 73. Bh3 1/2-1/2

[Event "*** Titled Tuesday Blitz"]
[Site "Chess.com"]
[Date "2020.04.14"]
[Round "6"]
[White "Volodar_Murzin"]
[Black "Rsnr"]
[Result "1/2-1/2"]
[WhiteElo "2685"]
[BlackElo "2867"]
[TimeControl "180+1"]
[EndTime "11:05:05 PDT"]
[Termination "Game drawn - insufficient material"]

1. d4 Nf6 2. Nf3 d5 3. Bf4 c5 4. e3 Nc6 5. Bb5 Qb6 6. a4 a6 7. Bxc6+ bxc6 8. b3 cxd4 9. exd4 Bg4 10. Nbd2 e6 11.
h3 Bh5 12. O-O Bb4 13. Be3 Bc3 14. Rb1 O-O 15. Qc1 a5 16. Ne5 Bxd4 17. Re1 Bxe3 18. Rxe3 Qc7 19. Qb2 Rfd8 20. Rbe1 c5 21. Rg3 Bg6 22. h4 Rab8 23. Rg5 Rb4 24. h5 Nxh5 25. Qc3 f6 26. Nxg6 fxg5 27. Ne5 Nf6 28. Qh3 g4 29. Qh4 Rd4 30. Qg5 Rf8 31. Nd3 Ne4 32. Nxe4 dxe4 33. Nxc5 Rf5 34. Nxe6 Rxg5 35. Nxc7 Rd2 36. Rxe4 Rxc2 37.
Ne6 Rh5 38. Re1 Rf5 39. Nd4 Rfxf2 40. Nxc2 Rxc2 41. Re5 g3 42. Kf1 Rf2+ 43. Kg1 Rb2 44. Kf1 Rxb3 45. Rxa5 Ra3 46. Ke2 g6 47. Ra7 h5 48. a5 h4 49. a6 g5 50. Ra8+ Kg7 51. a7 g4 52. Rc8 Rxa7 53. Rc4 Ra2+ 54. Ke3 Rxg2 55. Rxg4+ Kf6 56. Rxh4 Rf2 57. Rg4 Rg2 58. Kf3 Rg1 59. Rxg3 Rxg3+ 60. Kxg3 1/2-1/2

[Event "*** Titled Tuesday Blitz"]
[Site "Chess.com"]
[Date "2020.04.14"]
[Round "6"]
[White "hazy13"]
[Black "pedroholly22"]
[Result "0-1"]
[WhiteElo "2193"]
[BlackElo "2338"]
[TimeControl "180+1"]
[EndTime "11:05:05 PDT"]
[Termination "pedroholly22 won by resignation"]

1. d4 Nf6 2. c4 e6 3. g3 c5 4. d5 exd5 5. cxd5 d6 6. Nc3 g6 7. Bg2 Bg7 8. Nf3 O-O 9. O-O Na6 10. Nd2 Nc7 11. a4 b6 12. Nc4 Rb8 13. Bf4 Nfe8 14. Ne4 Ba6 15. Nexd6 Nxd6 16. Nxd6 g5 17. Nf5 gxf4 18. d6 Ne6 19. Be4 Nd4 20. e3 fxe3 21.
Ne7+ Qxe7 22. dxe7 e2 23. exf8=Q+ Rxf8 24. Qd2 exf1=Q+ 25. Rxf1 Re8 26. Bd5 Rd8 27. Qg5 Rd7 28. Re1 Kf8 29. h4 h6 30. Qh5 Be2 31. Rxe2 Nxe2+ 32. Kg2 Nd4 33. Be4 Re7 34. Qd5 Re8 35. Qd6+ Kg8 36. Bd5 Rf8 37. Qd7 Nc2 38. Qxa7 Bxb2 39. Qxb6 Bd4 40.
a5 Nb4 41. a6 Nxd5 42. Qc6 Nb4 43. Qb7 Nxa6 44. Qxa6 Kg7 45. Qc4 Re8 46. Qd5 Re5 47. Qf3 Re6 48. Qd5 Rf6 49. Qc4 Rxf2+ 50. Kh3 Rf6 51. Kg4 Rg6+ 52. Kf3 Rf6+ 53. Kg2 Re6 54. Kh3 Rg6 55. g4 Re6 56. Kg3 Re3+ 57. Kf4 Rc3 58.
Qd5 Ra3 59. g5 hxg5+ 60. hxg5 Re3 61. Kf5 Re5+ 62. Qxe5+ Bxe5 63. Kxe5 Kg6 64. Kd5 Kxg5 65. Kxc5 Kf4 66. Kc4 f5 67. Kd3 Kf3 68. Kd2 Kf2 69. Kd3 f4 70. Ke4 f3 71. Kf4 0-1

[Event "*** Titled Tuesday Blitz"]
[Site "Chess.com"]
[Date "2020.04.14"]
[Round "6"]
[White "Tesla37"]
[Black "BlueWizzard"]
[Result "1-0"]
[WhiteElo "2894"]
[BlackElo "2773"]
[TimeControl "180+1"]
[EndTime "11:05:06 PDT"]
[Termination "Tesla37 won by resignation"]

1. e4 c6 2. d4 g6 3. Nc3 d5 4.
h3 Bg7 5. Nf3 dxe4 6. Nxe4 Nf6 7.
Nxf6+ Bxf6 8. Bh6 Qa5+ 9. c3 Bf5 10. Bc4 Nd7 11. Qb3 O-O-O 12. Bxf7 Be4 13. Be6 Bxf3 14. gxf3 Bg5 15. Bg7 Rhe8 16. Bf7 Qf5 17. Bxe8 Rxe8 18. c4 e5 19. Kf1 Bh4 20. Re1 e4 21. Qe3 Re7 22. Be5 exf3 23. b3 c5 24. Qe4 Qxe4 25. Rxe4 cxd4 26. Rxh4 Nxe5 27. Rxd4 Nc6 28. Rd3 Rf7 29.
h4 Nb4 30. Rd2 Re7 31. h5 g5 32. h6 g4 33. Rh4 Re4 34. Rh5 Nc6 35. Rg5 Re6 36.
Rg8+ Kc7 37. Rg7+ Kb6 38. Rxh7 Ne5 39. Rd1 Ng6 40. Re1 Rd6 41. Rg7 Nf4 42. Rh7 Nh3 43. Rc1 Rd2 44. c5+ Kc6 45. Re7 Rxf2+ 46. Ke1 g3 47. h7 g2 48. Rg7 Rf1+ 49. Kd2 Rxc1 50.
h8=Q g1=Q 51. Qe8+ Kxc5 52. Qe5+ Kb4 53. Rxg1 Nxg1 54.
Qd6+ Rc5 55. Qd4+ Kb5 56. Qxg1 b6 57. Qf1+ Ka5 58. Qxf3 b5 59. Qe4 Kb6 60. Qd4 a5 61.
a3 b4 62. axb4 axb4 63. Qxb4+ Rb5 64. Qc4 Rc5 65. Qd4 Kb5 66. Kd3 Rc6 67. Qd5+ Rc5 68.
Qb7+ Ka5 69. b4+ Ka4 1-0

[Event "*** Titled Tuesday Blitz"]
[Site "Chess.com"]
[Date "2020.04.14"]
[Round "6"]
[White "saikrishnaReturns"]
[Black "exoticprincess"]
[Result "0-1"]
[WhiteElo "2622"]
[BlackElo "2837"]
[TimeControl "180+1"]
[EndTime "11:05:06 PDT"]
[Termination "exoticprincess won by checkmate"]

1. e4 c6 2. d3 d5 3. Nd2 e5 4. Ngf3 Bd6 5. g3 Nf6 6. Bg2 O-O 7. O-O Re8 8. Re1 Nbd7 9. c3 a5 10. a4 h6 11. Nf1 Bf8 12. Qc2 Qc7 13. Ne3 dxe4 14.
dxe4 Nc5 15. Nh4 Be6 16. Nef5 Rad8 17. Be3 Bb3 18. Qe2 Kh7 19. Ra3 Be6 20. Raa1 Nb3 21.
Rad1 g6 22. g4 gxf5 23. exf5 Rxd1 24. Rxd1 Bd5 25. g5 hxg5 26. Bxg5 Bg7 27. Rd3 Kg8 28. Rg3 Kf8 29. Be3 Qd7 30. Bf1 Nd4 31. Qd1 Nxf5 32.
Nxf5 Qxf5 33. Bc5+ Kg8 34. Bh3 Qe4 35. Bg2 Qc4 36.
Be3 Bxg2 37. Bh6 Nh5 38. Rxg2 Qh4 39. Qd7 Re6 40. Bg5 Qe4 41. Qd1 Nf4 42. Bxf4 exf4 43.
Rg5 Qe1+ 44. Qxe1 Rxe1+ 45. Kg2 Rb1 46. Kf3 Rxb2 47. h4 Rb3 48. h5 Rxc3+ 49. Kg4 Kf8 50. f3 Rc4 51. Rxa5 Ke7 52. Kg5 Rd4 53. h6 Rd5+ 54. Rxd5 Bxh6+ 55. Kxh6 cxd5 56. Kg5 Kd6 57. Kxf4 Kc5 58. Ke3 Kc4 59. Kd2 d4 60. a5 d3 61. f4 f5 62. Kd1 Kd4 63. Kd2 Ke4 64.
Kc3 Ke3 65. Kc4 d2 66. Kb5 d1=Q 67. Kb6 Qd5 68. Ka7 Qc6 69. Kb8 Kxf4 70. Ka7 Ke4 71.
Kb8 Qa6 72. Kc7 f4 73. Kb8 f3 74. Kc7 f2 75. Kb8 f1=Q 76. Kc7 Qf7+ 77. Kb8 Qe8+ 78.
Kc7 Qac6# 0-1

[Event "*** Titled Tuesday Blitz"]
[Site "Chess.com"]
[Date "2020.04.14"]
[Round "6"]
[White "josmito10"]
[Black "Mikhail_Biryukov"]
[Result "1-0"]
[WhiteElo "2752"]
[BlackElo "2585"]
[TimeControl "180+1"]
[EndTime "11:05:07 PDT"]
[Termination "josmito10 won by resignation"]

1. d4 Nf6 2. c4 e6 3. g3 d5 4. Nf3 dxc4 5. Bg2 Bb4+ 6. Bd2 c5 7. Bxb4 cxb4 8. Ne5 O-O 9. Nxc4 Nc6 10. e3 e5 11.
dxe5 Qxd1+ 12. Kxd1 Ng4 13. Ke2 Ngxe5 14. Nbd2 Bf5 15.
Nxe5 Nxe5 16. Be4 Bd7 17. Rhd1 Bb5+ 18. Ke1 Rad8 19. Nf3 f5 20. Nxe5 fxe4 21. Rd4 Rxd4 22. exd4 e3 23. f4 Rc8 24. Kd1 h5 25. Nf3 Kf7 26. a4 Ba6 27. Ne1 Ke6 28. Nc2 Kd5 29. Nxe3+ Kxd4 30. Nf5+ Kd3 31. Nxg7 Rc2 32. Ke1 Rxh2 33.
Rd1+ Ke4 34. Rd7 Rxb2 35. Re7+ Kd5 36. f5 b3 37. f6 Rb1+ 38. Kd2 Rf1 39. Kc3 Rf3+ 40.
Kb2 Bc4 41. f7 Kc5 42. Rc7+ Kb4 43. Rxb7+ Kxa4 44. Rxa7+ Kb4 45. Rb7+ Bb5 46. Ne6 Rf2+ 47. Kb1 Kc3 48. Rc7+ Bc4 49. f8=Q Rc2 50. Qf6+ Kb4 51.
Qe7+ Kc3 52. Qf6+ Kb4 53. Rxc4+ Rxc4 54. Nf4 Re4 55. Qb6+ Ka3 56. Qa5+ Ra4 57. Qc5+ 1-0

[Event "*** Titled Tuesday Blitz"]
[Site "Chess.com"]
[Date "2020.04.14"]
[Round "6"]
[White "tvjosue"]
[Black "Kirill_Klukin"]
[Result "1-0"]
[WhiteElo "2499"]
[BlackElo "2690"]
[TimeControl "180+1"]
[EndTime "11:05:07 PDT"]
[Termination "tvjosue won by checkmate"]

1. c4 e5 2. d3 Nf6 3. Nf3 Nc6 4. a3 d5 5. cxd5 Nxd5 6. e4 Nb6 7. Be3 Bg4 8. Nbd2 Be7 9. Be2 O-O 10. O-O Qd7 11. Rc1 Rfd8 12. b4 a6 13. h3 Be6 14. Rxc6 Qxc6 15.
Nxe5 Qa4 16. Qc1 Rac8 17. d4 f6 18. Bd1 Qe8 19. Nef3 c6 20. Qb1 Nc4 21. Bb3 Qf7 22.
Nxc4 Bxc4 23. Bxc4 Qxc4 24. Rc1 Qe6 25. a4 b5 26. a5 Bf8 27. Bd2 Re8 28. Re1 Qc4 29. Rc1 Qf7 30. Qc2 Bd6 31. Qd3 Qe7 32. Re1 Kh8 33.
Qb3 Qe6 34. Qc2 Qc4 35. Qb1 Bf8 36. Rc1 Qe6 37. Re1 Rcd8 38. e5 fxe5 39. Ng5 Qg8 40.
Qf5 Re7 41. Rxe5 Red7 42. Be3 h6 43. Ne6 Bd6 44. Nxd8 Rxd8 45. Re6 Qh7 46. Qxh7+ Kxh7 47. g3 Kg8 48. f4 Kf7 49. f5 Rd7 50. g4 Rd8 51.
Kg2 Rd7 52. Bd2 Be7 53. Bc3 Rd6 54. Rxd6 Bxd6 55. Kf3 Ke7 56. Ke4 Kf7 57. d5 c5 58.
bxc5 Bxc5 59. Ke5 Ke7 60. Bd4 Bd6+ 61. Ke4 Kf7 62. h4 Bb4 63. g5 hxg5 64. hxg5 Bxa5 65.
g6+ Kf8 66. Bc5+ Ke8 67. d6 Bd8 68. Kd5 Bf6 69. Kc6 Bd8 70. d7# 1-0